 Dungeon Crawl Stone Soup version 0.18.1-6-gd335043 (webtiles) character file.

189 Gingerlord the Sneak (level 5, -24/41 HPs)
             Began as a Mummy Assassin on May 18, 2016.
             Annihilated by an ogre
             ... wielding a +0 giant spiked club
              (30 damage)
             ... on level 4 of the Dungeon.
             The game lasted 00:13:11 (3602 turns).

Gingerlord the Sneak (Mummy Assassin)               Turns: 3602, Time: 00:13:12

Health: -24/41     AC:  7    Str: 14    XL:     5   Next: 40%
Magic:  5/5        EV: 11    Int: 11    God:
Gold:   184        SH:  4    Dex: 14    Spells: 0 memorised, 4 levels left

rFire  x . .     SeeInvis .     k - +0 short sword
rCold  + + .     Gourm    .     q - +0 leather armour
rNeg   + + +     Faith    .     m - +0 buckler
rPois  ∞         Spirit   .     h - +1 helmet
rElec  .         Dismiss  .     d - +0 cloak
rCorr  .         Reflect  .     l - +0 pair of gloves (curse)
SustAt .         Harm     .     (no boots)
MR     .....                    (no amulet)
Stlth  +++.......               o - ring of stealth
                                n - ring of protection from cold

@: not resistant to hostile enchantments, fairly stealthy
A: no food or potions, fire vulnerability, cold resistance 1, negative energy
resistance 3, torment resistance, unbreathing
a: no special abilities


You were on level 4 of the Dungeon.
You were not hungry.

You visited 1 branch of the dungeon, and saw 4 of its levels.

You collected 184 gold pieces.

Inventory:

Hand Weapons
 b - a +0 blowgun
 k - a +0 short sword (weapon)
Missiles
 e - 8 poisoned needles
 f - 2 curare-tipped needles
Armour
 d - a +0 cloak (worn)
 h - a +1 helmet (worn)
 l - a cursed +0 pair of gloves (worn)
 m - a +0 buckler (worn)
 q - a +0 leather armour (worn)
Jewellery
 n - a ring of protection from cold (left hand)
 o - a ring of stealth (right hand)
Scrolls
 a - 2 scrolls of identify
 g - 2 scrolls of remove curse
 i - 2 scrolls of enchant weapon
 j - a scroll of enchant armour
 p - a scroll of teleportation {unknown}
 r - a scroll of fear {unknown}
Books
 c - a book of Geomancy

   Spells                             Type                      Level
   a - Sandblast                      Earth                        1
   b - Passwall                       Transmutation/Earth          2
   c - Stone Arrow                    Conjuration/Earth            3
   d - Petrify                        Transmutation/Earth          4
   e - Lee's Rapid Deconstruction     Earth                        5


   Skills:
 + Level 3.0 Fighting
 - Level 1.5 Short Blades
 + Level 2.4 Throwing
 + Level 1.8 Armour
 + Level 1.8 Dodging
 + Level 3.8 Stealth
 + Level 0.7 Shields


You had 4 spell levels left.
You didn't know any spells.

Dungeon Overview and Level Annotations

Branches:
Dungeon (4/15)
 Temple: D:4-7

Altars:
Dithmenos

Annotations:
D:4 Gingerlord's ghost, novice FoAK


Innate Abilities, Weirdness & Mutations

You do not eat or drink.
Your flesh is vulnerable to fire.
You are immune to poison.
Your flesh is cold resistant.
You are immune to negative energy.
You are immune to unholy pain and torment.
You can survive without breathing.


Message History

The phantom blinks!
The iguana bites you but does no damage.
You hit the iguana.
The iguana is severely wounded.
The iguana barely misses you.
You hit the iguana.
The iguana is almost dead.
You block the iguana's attack.
You hit the iguana.
The iguana is almost dead.
The iguana misses you.
You hit the iguana.
You kill the iguana!
Your Fighting skill increases to level 3!
The phantom blinks!
You hit the ogre.
The ogre is lightly wounded.
The ogre hits you with a giant spiked club!!
Ouch! That really hurt!
You die...

...#### #...# #.........#
......######...#
#........#
...............#
#........#
...............#
##.......#
...............# #.......#
...............# #...(...#
...............###......##
.#.(...######..§##.....##
##..#### #...@O.....# ##.
#..####......... ## #.###
##.##..... #.# #.# #####
## ###


You could see an ogre.

Vanquished Creatures
  A hound (D:4)
  Terence (D:2)
  An iguana (D:4)
  A worker ant (D:3)
  3 adders
  An ooze (D:3)
  A worm (D:1)
  A dart slug (D:3)
  A giant gecko (D:2)
  2 orcs
  2 giant cockroaches
  4 goblins
  2 hobgoblins
  11 bats
  4 giant newts
  13 kobolds
  7 rats
56 creatures vanquished.

Notes
Turn   | Place    | Note
--------------------------------------------------------------
     0 | D:1      | Gingerlord the Mummy Assassin began the quest for the Orb.
     0 | D:1      | Reached XP level 1. HP: 16/16 MP: 1/1
    35 | D:1      | Reached skill level 1 in Dodging
   231 | D:1      | Reached XP level 2. HP: 11/22 MP: 2/2
   646 | D:2      | Found a shadowy altar of Dithmenos.
  1097 | D:2      | Reached XP level 3. HP: 28/28 MP: 3/3
  1130 | D:2      | Noticed Terence
  1151 | D:2      | Reached skill level 1 in Armour
  1168 | D:2      | Found a faded altar to an unknown god.
  1384 | D:2      | Killed Terence
  1384 | D:2      | Reached XP level 4. HP: 32/34 MP: 4/4
  2499 | D:4      | Noticed Gingerlord's ghost (novice FoAK)
  2828 | D:4      | Reached XP level 5. HP: 32/40 MP: 5/5
  2833 | D:4      | Noticed a phantom
  3582 | D:4      | Noticed an ogre
  3602 | D:4      | Annihilated by an ogre

Skill      XL: |  1  2  3  4  5 |
---------------+----------------+-----
Dodging        | 1 |  1.8
Armour         | 1 |  1.8
Throwing       | 2 |  2.4
Fighting       | 3 |  3.0
Short Blades   | |  1.5
Stealth        | |  3.8
Shields        | |  0.7

Action                   |  1- 3 |  4- 6 || total
-------------------------+-------+-------++-------
Melee: Dagger            |    53 |       ||    53
       Short sword       |    44 |   220 ||   264
 Fire: Blowgun           |    10 |     8 ||    18
  Use: Scroll            |       |     5 ||     5
 Stab: Sleeping          |     8 |     4 ||    12
Armor: Robe              |    21 |     5 ||    26
       Leather armour    |       |    65 ||    65
Dodge: Dodged            |    55 |   109 ||   164
Block: Buckler           |       |    31 ||    31
